 Dungeon Crawl Stone Soup version 0.27-a0-1245-g940ed4fa31 (webtiles) character file.

Game seed: 426353322691564301

44 mordus the Digger (level 3, -1/26 HPs)
             Began as a Draconian Earth Elementalist on June 9, 2021.
             Slain by an orc
             ... wielding a +0 trident
              (5 damage)
             ... on level 3 of the Dungeon.
             The game lasted 00:04:56 (2560 turns).

mordus the Digger (Draconian Earth Elementalist)    Turns: 2560, Time: 00:04:57

Health: -1/26      AC:  7    Str: 10    XL:     3   Next: 39%
Magic:  4/6        EV: 16    Int: 16    God:
Gold:   95         SH:  0    Dex: 11    Spells: 5/6 levels left

rFire    . . .     SeeInvis .   l - +1 short sword (elec)
rCold    . . .     Faith    .   (no shield)
rNeg     . . .     Spirit   .   (armour unavailable)
rPois    .         Reflect  .   (helmet restricted)
rElec    .         Harm     .   i - +0 cloak
rCorr    .         Rampage  .   j - +0 pair of gloves
Will     .....                  (no boots)
Stlth    +.........             (no amulet)
HPRegen  0.08/turn              n - +4 ring of evasion
MPRegen  0.10/turn              (no ring)

@: confused
A: AC +5, unfitting armour, cold-blooded
a: no special abilities


You were on level 3 of the Dungeon.
You visited 1 branch of the dungeon, and saw 3 of its levels.

You collected 95 gold pieces.

Inventory:

Hand Weapons
 c - a +0 dagger
 l - a +1 short sword of electrocution (weapon)
Missiles
 b - 36 stones
 e - 52 poisoned darts (quivered)
Armour
 h - a scarf of harm
 i - a +0 cloak (worn)
 j - a +0 pair of gloves (worn)
Jewellery
 n - a +4 ring of evasion (left hand)
Scrolls
 a - a scroll of enchant armour {unknown}
 d - 4 scrolls of teleportation {unknown}
 f - a scroll of immolation {unknown}
 k - a scroll of noise {unknown}
 m - 2 scrolls of identify {unknown}
Potions
 g - a potion of brilliance {unknown}
 o - a potion of flight {unknown}


   Skills:
 - Level 1.7 Dodging
 - Level 1.7 Stealth
 + Level 2.4 Spellcasting
 + Level 1.8 Transmutations
 * Level 3.8 Earth Magic


You had 5 spell levels left.
You knew the following spells:

 Your Spells              Type           Power      Damage    Failure   Level
a - Sandblast             Erth           28%        2d8       4%          1

Your spell library contained the following spells:

 Spells                   Type           Power      Damage    Failure   Level
 Passwall                 Tmut/Erth      9%         N/A       10%         2
 Stone Arrow              Conj/Erth      16%        3d8       26%         3
 Petrify                  Tmut/Erth      11%        N/A       52%         4
 Lee's Rapid Deconstruct  Erth           7%         3d7*      75%         5


Dungeon Overview and Level Annotations

Branches:
Dungeon (3/15)

Altars:


Innate Abilities, Weirdness & Mutations

Your plain brown scales are hard. (AC +5)
You cannot fit into any form of body armour.
You are cold-blooded and may be slowed by cold attacks.


Message History

Casting: Sandblast (safe; 4% risk of failure)
Confirm with . or Enter, or press ? or * to list all spells.
Aiming: Sandblast (safe; 4% risk of failure)
Press: ? - help, Shift-Dir - straight line, f - orc wizard
Aim: an orc wizard, wielding a +0 dagger and wearing a +0 robe (74% to hit)
The blast of sand misses the orc wizard.
b - 37 stones
Casting: Sandblast (safe; 4% risk of failure)
Confirm with . or Enter, or press ? or * to list all spells.
Aiming: Sandblast (safe; 4% risk of failure)
Press: ? - help, Shift-Dir - straight line, f/p - orc wizard
Aim: an orc wizard, wielding a +0 dagger and wearing a +0 robe (74% to hit)
The blast of sand hits the orc wizard!
The orc wizard is heavily wounded.
b - 36 stones The orc wizard gestures wildly while chanting.
The orc wizard flickers and vanishes!
Deactivating autopickup; reactivate with Ctrl-A.
You closely miss something.
The orc hits you from afar with a +0 trident!
Something hits you but does no damage.
You closely miss something. The orc hits you but does no damage.
Something hits you.
* * * LOW HITPOINT WARNING * * *
You barely miss something. The orc closely misses you.
You hear some strange, mumbled words.
You are confused.
You're too confused to cast spells.
Unknown command.
Unknown command.
You're too confused to cast spells.
You bump into the rock wall.
The orc hits you from afar with a +0 trident.
* * * LOW HITPOINT WARNING * * *
Something hits you but does no damage.
You bump into the rock wall.
Something hits you.
* * * LOW HITPOINT WARNING * * *
You completely miss something.
The orc hits you from afar with a +0 trident.
You die...

#######
#o)...####
#o###.o..#
###{#
####o########
#..@##
#..o......#
#....##
#.#...o##..
#.....#
#.......#
#...#.#
######.[...
#...#.# ##...
#.....# ..
###.#.## .
#....# ###..#


You could see an orc priest and an orc.

Vanquished Creatures
  2 worms (D:2)
  A dart slug (D:1)
  2 orcs (D:3)
  3 ball pythons
  A bat (D:2)
  2 endoplasms
  3 giant cockroaches
  2 goblins
  3 hobgoblins
  2 jackals (D:1)
  A frilled lizard (D:1)
  6 kobolds
  4 rats
32 creatures vanquished.

Notes
Turn   | Place    | Note
-------+----------+-------------------------------------------
     0 | D:1      | mordus the Draconian Earth Elementalist began the quest for
                  | the Orb.
     0 | D:1      | Reached XP level 1. HP: 14/14 MP: 3/3
   467 | D:1      | Reached XP level 2. HP: 19/20 MP: 3/5
  1361 | D:1      | Found a faded altar of an unknown god.
  1760 | D:2      | Reached XP level 3. HP: 26/26 MP: 4/6
  2560 | D:3      | Slain by an orc

Illustrated notes

Levels and vault maps discovered:
D:1:      ebering_hopf_link, layout_loops_ring,
          chequers_ecumenical_altar_twisty, chequers_hall_statues_y
D:2:      layout_basic
D:3:      layout_rooms

Action                   || total
-------------------------++-------
Melee: Unarmed           ||    14
       Dagger            ||    13
       Tailslap          ||     4
       Short sword       ||    14
Throw: Dart              ||     8
 Cast: Sandblast         ||    35
Armor: Skin              ||    12
Dodge: Dodged            ||    26

Table legend: (Time is in decaauts)
 A = Elapsed time spent in this place.
 B = Non-inter-level travel time spent in this place.
 C = Inter-level travel time spent in this place.
 D = Time resting spent in this place.
 E = Time spent auto-exploring this place.
 F = Levels seen in this place.
 G = Mean time per level.
                   A        B        C        D        E       F      G
               +--------+--------+--------+--------+--------+-----+--------+
         Total |   2559 |   2483 |     76 |    319 |   1797 |   3 |  853.0 |
       Dungeon |   2559 |   2483 |     76 |    319 |   1797 |   3 |  853.0 |
               +--------+--------+--------+--------+--------+-----+--------+

Top non-repeatable levels by time:
     D:1: 1400 daAuts
     D:2: 1002 daAuts
     D:3: 156 daAuts
